SAA
PHOENIX HOTSPUR YOUTH @ YAKIMA HOPS
09/03/2024
 
TOP OF THE 1ST
Phoenix Hotspur Youth batting - Pitching for Yakima Hops : LHP Mathieu Neri
Pitching: LHP Mathieu Neri
Batting: RHB Billy Strauss 0-0: SINGLE (Groundball, 6D)
Batting: LHB Kenny Scott 0-0: Swinging Strike
0-1: Ball
1-1: Foul Ball, location: 2F
1-2: Strikes out looking
Batting: LHB Ricardo Peña 0-0: Called Strike
0-1: Ball
1-1: Called Strike
1-2: Ball
2-2: Ball
3-2: Strikes out looking
Batting: RHB Wilson Castillo 0-0: Called Strike
0-1: Swinging Strike
0-2: Fly out, F7 (Flyball, 7M)
Top of the 1st over - 0 run(s), 1 hit(s), 0 error(s), 1 left on base; Phoenix Hotspur 0 - Yakima 0
BOTTOM OF THE 1ST
Yakima Hops batting - Pitching for Phoenix Hotspur Youth : RHP Santiago Alonza
Pitching: RHP Santiago Alonza
Batting: RHB Mariano Sánchez 0-0: Foul Ball, location: 2F
0-1: SINGLE (Line Drive, 6MD)
Batting: SHB Orlando Villa 0-0: Ball
1-0: Called Strike
1-1: Ball
2-1: Foul Ball, location: 2F
2-2: Strikes out swinging
Batting: RHB José Vargas 0-0: Called Strike
0-1: Ball
1-1: Ball
2-1: SINGLE (Line Drive, 8RS)
Mariano Sánchez to second
Batting: LHB Bryce Reilly 0-0: Ball
1-0: Ball
2-0: Called Strike
2-1: Ball
3-1: Base on Balls
Mariano Sánchez to third
José Vargas to second
Batting: SHB Carlos Sánchez 0-0: Ball
1-0: Ball
2-0: Called Strike
2-1: Foul Ball, location: 2F
2-2: Ball
3-2: Strikes out swinging
Batting: RHB Vicente Rodríguez 0-0: Called Strike
0-1: Ball
1-1: Ball
2-1: Ball
3-1: Ground out 5-3 (Groundball, 6S)
Bottom of the 1st over - 0 run(s), 2 hit(s), 0 error(s), 3 left on base; Phoenix Hotspur 0 - Yakima 0
TOP OF THE 2ND
Phoenix Hotspur Youth batting - Pitching for Yakima Hops : LHP Mathieu Neri
Batting: RHB Jesús Mejía 0-0: Swinging Strike
0-1: Ball
1-1: Ball
2-1: Swinging Strike
2-2: Strikes out swinging
Batting: RHB Marc Meertens 0-0: SINGLE (Groundball, 34D)
Batting: RHB Pedro Martínez 0-0: Called Strike
0-1: Fly out, F2 (Popup, 2LF)
Batting: RHB Javier González 0-0: Ball
1-0: Ball
2-0: Ball
3-0: Base on Balls
Marc Meertens to second
Batting: LHB Richard Alpert 0-0: Called Strike
0-1: Ball
1-1: Foul Ball, location: 2F
1-2: Foul Ball, location: 2F
1-2: Ball
2-2: Ground out 4-3 (Groundball, 4)
Top of the 2nd over - 0 run(s), 1 hit(s), 0 error(s), 2 left on base; Phoenix Hotspur 0 - Yakima 0
BOTTOM OF THE 2ND
Yakima Hops batting - Pitching for Phoenix Hotspur Youth : RHP Santiago Alonza
Batting: RHB Ken Dillon 0-0: Fly out, F8 (Flyball, 8LD)
Batting: RHB Reginald Kalkman 0-0: Called Strike
0-1: Foul Ball, location: 2F
0-2: Ground out 6-3 (Groundball, 6)
Batting: SHB Luis Luquín 0-0: Foul Ball, location: 2F
0-1: Ball
1-1: Ground out 6-3 (Groundball, 6M)
Bottom of the 2nd over - 0 run(s), 0 hit(s), 0 error(s), 0 left on base; Phoenix Hotspur 0 - Yakima 0
TOP OF THE 3RD
Phoenix Hotspur Youth batting - Pitching for Yakima Hops : LHP Mathieu Neri
Batting: RHB Billy Strauss 0-0: Swinging Strike
0-1: Called Strike
0-2: Ball
1-2: Strikes out swinging
Batting: LHB Kenny Scott 0-0: Called Strike
0-1: Ball
1-1: Foul Ball, location: 2F
1-2: Ball
2-2: Foul Ball, location: 2F
2-2: Ball
3-2: Base on Balls
Batting: LHB Ricardo Peña 0-0: Fielders Choice at 2nd, 1-6 (Groundball, 13S)
Batting: RHB Wilson Castillo 0-0: Swinging Strike
0-1: Ball
1-1: Ball
2-1: Ball
3-1: Base on Balls
Ricardo Peña to second
Batting: RHB Jesús Mejía 0-0: Ball
1-0: Hit by Pitch
Ricardo Peña to third
Wilson Castillo to second
Batting: RHB Marc Meertens 0-0: Fly out, F4 (Popup, 4)
Top of the 3rd over - 0 run(s), 0 hit(s), 0 error(s), 3 left on base; Phoenix Hotspur 0 - Yakima 0
BOTTOM OF THE 3RD
Yakima Hops batting - Pitching for Phoenix Hotspur Youth : RHP Santiago Alonza
Batting: RHB Mariano Sánchez 0-0: SINGLE (Flyball, 8RS)
Batting: SHB Orlando Villa 0-0: Ball
1-0: Foul Ball, location: 2F
1-1: Foul Ball, location: 2F
1-2: DOUBLE (Groundball, 5D)
Mariano Sánchez to third
Batting: RHB José Vargas 0-0: Ball
1-0: Foul Ball, location: 2F
1-1: Ball
2-1: Called Strike
2-2: Strikes out looking
Batting: LHB Bryce Reilly 0-0: Ball
1-0: Fly out, F5 (Popup, 5DF)
Batting: SHB Carlos Sánchez 0-0: Ball
1-0: Ball
2-0: Fly out, F6 (Popup, 6D)
Bottom of the 3rd over - 0 run(s), 2 hit(s), 0 error(s), 2 left on base; Phoenix Hotspur 0 - Yakima 0
TOP OF THE 4TH
Phoenix Hotspur Youth batting - Pitching for Yakima Hops : LHP Mathieu Neri
Batting: RHB Pedro Martínez 0-0: SINGLE (Line Drive, 6MD)
Batting: RHB Javier González 0-0: Called Strike
0-1: Foul Ball, location: 2F
0-2: SINGLE (Groundball, 34S)
Pedro Martínez to second
Runner from 2nd tries for 3rd, SAFE, throw made to third
Batting: LHB Richard Alpert 0-0: Called Strike
0-1: Ball
1-1: Foul Ball, location: 2F
1-2: Ball
2-2: Foul Ball, location: 2F
2-2: Strikes out looking
Batting: RHB Billy Strauss 0-0: Ball
1-0: Foul Ball, location: 2F
1-1: Ball
2-1: Swinging Strike
2-2: Fly out, F9 (Flyball, 9M)
Runner from 3rd tags up, SCORES, throw made
Batting: LHB Kenny Scott 0-0: Ball
1-0: Called Strike
1-1: Ball
2-1: Swinging Strike
2-2: Strikes out looking
Top of the 4th over - 1 run(s), 2 hit(s), 0 error(s), 1 left on base; Phoenix Hotspur 1 - Yakima 0
BOTTOM OF THE 4TH
Yakima Hops batting - Pitching for Phoenix Hotspur Youth : RHP Santiago Alonza
Batting: RHB Vicente Rodríguez 0-0: Ball
1-0: Foul Ball, location: 2F
1-1: Foul Ball, location: 2F
1-2: Strikes out looking
Batting: RHB Ken Dillon 0-0: Ball
1-0: Called Strike
1-1: Ground out 6-3 (Groundball, 6)
Batting: RHB Reginald Kalkman 0-0: Ground out 4-3 (Groundball, 4)
Bottom of the 4th over - 0 run(s), 0 hit(s), 0 error(s), 0 left on base; Phoenix Hotspur 1 - Yakima 0
TOP OF THE 5TH
Phoenix Hotspur Youth batting - Pitching for Yakima Hops : LHP Mathieu Neri
Batting: LHB Ricardo Peña 0-0: Called Strike
0-1: Ground out U3 (Groundball, 3S)
Batting: RHB Wilson Castillo 0-0: Fly out, F8 (Flyball, 8RM)
Batting: RHB Jesús Mejía 0-0: SINGLE (Groundball, 56)
Batting: RHB Marc Meertens 0-0: Ball
1-0: SINGLE (Line Drive, 9LS)
Jesús Mejía to second
Batting: RHB Pedro Martínez 0-0: Foul Ball, location: 2F
0-1: Ball
1-1: Ball
2-1: Foul Ball, location: 2F
2-2: Ball
3-2: Foul Ball, location: 2F
3-2: Strikes out swinging
Top of the 5th over - 0 run(s), 2 hit(s), 0 error(s), 2 left on base; Phoenix Hotspur 1 - Yakima 0
BOTTOM OF THE 5TH
Yakima Hops batting - Pitching for Phoenix Hotspur Youth : RHP Santiago Alonza
Batting: SHB Luis Luquín 0-0: Ball
1-0: Called Strike
1-1: Swinging Strike
1-2: Ball
2-2: Fly out, F7 (Flyball, 78M)
Batting: RHB Mariano Sánchez 0-0: Called Strike
0-1: Foul Ball, location: 2F
0-2: Ball
1-2: Ball
2-2: Ball
3-2: Foul Ball, location: 2F
3-2: Foul Ball, location: 2F
3-2: Strikes out swinging
Batting: SHB Orlando Villa 0-0: Fly out, F7 (Flyball, 78M)
Bottom of the 5th over - 0 run(s), 0 hit(s), 0 error(s), 0 left on base; Phoenix Hotspur 1 - Yakima 0
TOP OF THE 6TH
Phoenix Hotspur Youth batting - Pitching for Yakima Hops : LHP Mathieu Neri
Batting: RHB Javier González 0-0: Called Strike
0-1: Swinging Strike
0-2: Ball
1-2: Fly out, F9 (Flyball, 9M)
Batting: LHB Richard Alpert 0-0: Ball
1-0: SINGLE (Line Drive, 5L)
Batting: RHB Billy Strauss 0-0: Fly out, F7 (Popup, 78S)
Batting: LHB Kenny Scott 0-0: Ball
1-0: Ball
2-0: Called Strike
2-1: Ball
3-1: Called Strike
3-2: Foul Ball, location: 2F
3-2: Fly out, F8 (Flyball, 89M)
Top of the 6th over - 0 run(s), 1 hit(s), 0 error(s), 1 left on base; Phoenix Hotspur 1 - Yakima 0
BOTTOM OF THE 6TH
Yakima Hops batting - Pitching for Phoenix Hotspur Youth : RHP Santiago Alonza
Batting: RHB José Vargas 0-0: Ball
1-0: Swinging Strike
1-1: Swinging Strike
1-2: Ball
2-2: Foul Ball, location: 2F
2-2: Foul Ball, location: 2F
2-2: Ball
3-2: Foul Ball, location: 2F
3-2: Base on Balls
Batting: LHB Bryce Reilly 0-0: Called Strike
0-1: Ball
1-1: Hit by Pitch
José Vargas to second
Batting: SHB Carlos Sánchez 0-0: Ball
1-0: Ball
2-0: Ball
3-0: Called Strike
3-1: Base on Balls
José Vargas to third
Bryce Reilly to second
Batting: RHB Vicente Rodríguez 0-0: Fly out, F9 (Line Drive, 9LM)
Runner from 3rd tags up, SCORES, throw made
Batting: RHB Ken Dillon 0-0: Called Strike
Bryce Reilly steals 3rd base
Carlos Sánchez to second
0-1: Ball
1-1: Foul Ball, location: 2F
1-2: Fly out, F7 (Flyball, 78M)
Runner from 3rd tags up, SCORES, no throw
Batting: RHB Reginald Kalkman 0-0: Ball
1-0: Foul Ball, location: 2F
1-1: Ball
2-1: Ground out 6-3 (Groundball, 6M)
Bottom of the 6th over - 2 run(s), 0 hit(s), 0 error(s), 1 left on base; Phoenix Hotspur 1 - Yakima 2
TOP OF THE 7TH
Phoenix Hotspur Youth batting - Pitching for Yakima Hops : LHP Mathieu Neri
Batting: LHB Ricardo Peña 0-0: Ground out 3-1 (Groundball, 34)
Pitching: LHP Gerardo García
Batting: RHB Wilson Castillo 0-0: Called Strike
0-1: Ground out 5-3 (Groundball, 5)
Batting: RHB Jesús Mejía 0-0: Ground out 4-3 (Groundball, 4)
Top of the 7th over - 0 run(s), 0 hit(s), 0 error(s), 0 left on base; Phoenix Hotspur 1 - Yakima 2
BOTTOM OF THE 7TH
Yakima Hops batting - Pitching for Phoenix Hotspur Youth : RHP Santiago Alonza
Batting: SHB Luis Luquín 0-0: SINGLE (Groundball, 56D)
Batting: RHB Mariano Sánchez 0-0: Ball
Luis Luquín is caught stealing 2nd base
1-0: Ball
2-0: Foul Ball, location: 2F
2-1: SINGLE (Groundball, 56)
Batting: SHB Orlando Villa 0-0: Ball
1-0: Fly out, F8 (Line Drive, 8LS)
Batting: RHB José Vargas 0-0: Ball
Mariano Sánchez steals 2nd base
1-0: Swinging Strike
1-1: Ball
2-1: Swinging Strike
2-2: Foul Ball, location: 2F
2-2: Ground out 6-3 (Groundball, 6M)
Bottom of the 7th over - 0 run(s), 2 hit(s), 0 error(s), 1 left on base; Phoenix Hotspur 1 - Yakima 2
TOP OF THE 8TH
Phoenix Hotspur Youth batting - Pitching for Yakima Hops : LHP Gerardo García
Pitching: RHP Sean Sanford
Now in LF: Abraham Jacobs
Batting: RHB Marc Meertens 0-0: Ball
1-0: Swinging Strike
1-1: Ground out 4-3 (Groundball, 4)
Batting: RHB Pedro Martínez 0-0: Foul Ball, location: 2F
0-1: Ground out 5-3 (Groundball, 5L)
Batting: RHB Javier González 0-0: Called Strike
0-1: Ball
1-1: Called Strike
1-2: Ball
2-2: Ball
3-2: Fly out, F3 (Popup, 3F)
Top of the 8th over - 0 run(s), 0 hit(s), 0 error(s), 0 left on base; Phoenix Hotspur 1 - Yakima 2
BOTTOM OF THE 8TH
Yakima Hops batting - Pitching for Phoenix Hotspur Youth : RHP Santiago Alonza
Pitching: RHP Vernon Turner
Batting: LHB Bryce Reilly 0-0: Ball
1-0: Fly out, F8 (Popup, 4MD)
Batting: SHB Carlos Sánchez 0-0: Ball
1-0: Ball
2-0: Called Strike
2-1: Ground out 3-1 (Groundball, 3L)
Batting: RHB Vicente Rodríguez 0-0: Swinging Strike
0-1: Called Strike
0-2: Fly out, F3 (Popup, 3F)
Bottom of the 8th over - 0 run(s), 0 hit(s), 0 error(s), 0 left on base; Phoenix Hotspur 1 - Yakima 2
TOP OF THE 9TH
Phoenix Hotspur Youth batting - Pitching for Yakima Hops : RHP Sean Sanford
Pitching: LHP Finn Wuilink
Pinch Hitting: RHB Jim Unknown 0-0: Ground out 6-3 (Groundball, 56)
Pinch Hitting: RHB Chris Hopkins 0-0: Swinging Strike
0-1: Called Strike
0-2: Foul Ball, location: 2F
0-2: Ball
1-2: Ball
2-2: Ground out 6-3 (Groundball, 6M)
Pinch Hitting: RHB Ed Sharp 0-0: Foul Ball, location: 2F
0-1: Ball
1-1: Foul Ball, location: 2F
1-2: Ball
2-2: Ground out 1-3 (Groundball, 15S)
Top of the 9th over - 0 run(s), 0 hit(s), 0 error(s), 0 left on base; Phoenix Hotspur 1 - Yakima 2
This league is powered by Out of the Park Baseball, the baseball management simulation game for PC, Mac and Linux
Monday, October 3rd, 2016 - OOTP Baseball 16.9 Build 39